 Dungeon Crawl Stone Soup version 0.31.0-9-g3a7656b989 (webtiles) character file.

Game seed: 7251915329822606735

401 AZSletch the Ruffian (level 6, -13/43 HPs)
             Began as a Demonspawn Shapeshifter on Feb 3, 2024.
             Was a Plaything of Xom.
             Mangled by a sun demon (27 damage)
             ... summoned by Xom
             ... on level 5 of the Dungeon.
             The game lasted 00:13:01 (2751 turns).

AZSletch the Ruffian (Demonspawn Shapeshifter)      Turns: 2751, Time: 00:13:03

Health: -13/43     AC:  4    Str: 14      XL:     6   Next: 54%
Magic:  6/6        EV: 13    Int:  8      God:    Xom [......]
Gold:   264        SH:  0    Dex: 18 (19) Spells: 5/5 levels left

rFire   . .          .
                       - Unarmed
rCold   . . .        (no shield)
rNeg    . . .        a - +0 animal skin
rPois   .            (helmet currently unavailable)
rElec   .            (cloak currently unavailable)
rCorr   .            (gloves currently unavailable)
SInv    .            (boots currently unavailable)
Will    .....        (no amulet)
Stlth   ++           r - +6 ring of dexterity
HPRegen 0.27/turn    (no ring)
MPRegen 0.10/turn

%: random rage (3%)
@: beast-form
A: beast (slay +2), antennae 1, icy blue scales 1, foul stench 1, spiny 2,
talons 1, berserk 1, deterioration 1, dopey 1, weak 1, no potion heal 1
a: Begin Untransformation, Renounce Religion


You were on level 5 of the Dungeon.
You worshipped Xom.
You were a very special plaything of Xom.
You were a hulking beast.
You visited 1 branch of the dungeon, and saw 5 of its levels.

You collected 264 gold pieces.

Inventory:

Missiles
 s - 8 poisoned darts (quivered)
Armour
 a - a +0 animal skin (worn)
Jewellery
 r - a +6 ring of dexterity (left hand)
Talismans
 c - a beast talisman
 d - a flux talisman
Scrolls
 e - 2 scrolls of fear
 f - a scroll of immolation {unknown}
 g - a scroll of brand weapon {unknown}
 h - a scroll of silence {unknown}
 i - a scroll of fog
 j - a scroll of teleportation {unknown}
 k - a scroll of vulnerability {unknown}
 l - 2 scrolls of identify {unknown}
 n - a scroll of enchant armour {unknown}
 q - a scroll of revelation {unknown}
 t - a scroll of blinking {unknown}
Potions
 b - a potion of lignification
 m - 2 potions of enlightenment {unknown}
 o - 3 potions of heal wounds {unknown}
 p - a potion of attraction {unknown}
 u - a potion of invisibility {unknown}
 v - a potion of mutation {unknown}
 w - a potion of might {unknown}


   Skills:
 + Level 1.6 Fighting
 + Level 2.5 Dodging
 - Level 1.0 Stealth
 + Level 5.0 Unarmed Combat
 * Level 4.2 Shapeshifting


You had 5 spell levels left.
You didn't know any spells.
Your spell library contained the following spells:

 Spells                   Type           Power      Damage    Failure   Level
 Sandblast                Erth           0%         2d4       41%         1
 Passwall                 Erth           0%         N/A       78%         3
 Stone Arrow              Conj/Erth      0%         3d7       78%         3
 Brom's Barrelling Bould  Conj/Erth      0%         2d3       99%         4


Dungeon Overview and Level Annotations

Branches:
Dungeon (5/15)
 Temple: D:4-7

Altars:
Ashenzari
Gozag
Qazlal
Trog
Uskayaw
Xom

Annotations:
D:2 Jessica
D:3 Sigmund


Innate Abilities, Weirdness & Mutations

You are a hulking beast.
Your limbs bulge with bestial killing power. (Slay +2)
You have a pair of small antennae on your head.
You are partially covered in icy blue scales. (AC +2)
You may rarely emit foul miasma when damaged in melee.
You are mostly covered in sharp spines.
You have sharp toenails.
You sometimes lose your temper in combat.
Your body sometimes deteriorates upon taking damage.
You are dopey. (Int -2)
You are weak. (Str -2)
Potions are less effective at restoring your health.


Message History

The iguana is lightly wounded.
The iguana bites you!
Your body deteriorates!
You feel clumsy.
You closely miss the iguana.
The iguana is lightly wounded.
The iguana misses you.
You barely miss the iguana. Your kick misses the iguana.
The iguana is lightly wounded.
The iguana is struck by your spines. The iguana bites you!
You hit the iguana. You claw the iguana, but do no damage.
The iguana is heavily wounded.
The iguana is struck by your spines. The iguana bites you!
You hit the iguana. You claw the iguana, but do no damage.
The iguana is severely wounded.
The iguana is struck by your spines. The iguana bites you.
* * * LOW HITPOINT WARNING * * *
You barely miss the iguana. You claw the iguana.
You kill the iguana!
You feel your dexterity returning.
Your Unarmed Combat skill increases to level 5!
You start resting.
You hear Xom's avuncular chuckle.
Your body is suffused with distortional energy.
You feel weirdly uncertain.
You feel stupid.
You feel stable.
You feel weaker.
You start resting.
You hear Xom's maniacal laughter.
The ufetubus slips past you! The ufetubus is struck by your spines.
The ufetubus closely misses you.
The ufetubus hits you but does no damage.
You barely miss the ufetubus. You claw the ufetubus.
The ufetubus is heavily wounded.
The ufetubus is struck by your spines. The ufetubus barely misses you. x2
The sun demon closely misses you.
You miss the ufetubus.
The ufetubus is almost dead.
The ufetubus hits you. The ufetubus barely misses you.
The crimson imp blinks!
The sun demon hits you!!
Ouch! That really hurt!
You die...
Xom roars with laughter!

#.....)##.##..
#.>....5......
#....†..#.....
#....)..#.....
##.###........
######## #..#..#..
#......# #.5#####
#.....<# # #§3†...#
#......##.####h###.#
#............5.# #.#
#......###.#####
#.######### ######.#
#. #.........# #.#
#.###############.#
#.#
#.................#
#.#
###.....###########
#.#####.....#
#...........#


You could see a sun demon (summoned), a crimson imp (summoned), a white imp
(summoned) and an ufetubus (summoned).

Vanquished Creatures
  A phantom (D:3)
  A scorpion (D:4)
  An orc priest (D:3)
  Crazy Yiuf (D:4)
  A hound (D:4)
  An iguana (D:5)
  An orc wizard (D:3)
  4 adders
  A ribbon worm (D:4)
  4 orcs
  2 bats (D:1)
  5 endoplasms
  A giant cockroach (D:1)
  11 goblins
  8 hobgoblins
  2 jackals (D:4)
  2 quokkas
  11 ball pythons
  3 frilled lizards
  8 kobolds
  6 rats
75 creatures vanquished.

Vanquished Creatures (collateral kills)
  Robin (D:3)
  3 goblins (D:3)
4 creatures vanquished.

Grand Total: 79 creatures vanquished

Notes
Turn   | Place    | Note
-------+----------+-------------------------------------------
     0 | D:1      | AZSletch the Demonspawn Shapeshifter began the quest for
                  | the Orb.
     0 | D:1      | Reached XP level 1. HP: 15/15 MP: 1/1
   337 | D:1      | Gained mutation: You are partially covered in sharp spines.
                  | [demonic ancestry]
   337 | D:1      | Reached XP level 2. HP: 19/21 MP: 2/2
   575 | D:1      | Found a faded altar of an unknown god.
   591 | D:1      | Prayed at the altar of an unknown god.
   591 | D:1      | Became a worshipper of Xom of Chaos
   912 | D:2      | Noticed Jessica
  1010 | D:2      | XOM: silly message
  1014 | D:2      | Gained mutation: You have a pair of small antennae on your
                  | head. [demonic ancestry]
  1014 | D:2      | Reached XP level 3. HP: 26/26 MP: 3/3
  1201 | D:2      | XOM: divination: detect creatures
  1304 | D:3      | Reached skill level 3 in Unarmed Combat
  1320 | D:3      | Noticed Robin
  1326 | D:3      | XOM: cast spell 'Summon Ice Beast'
  1337 | D:3      | Killed Robin
  1340 | D:3      | Noticed a phantom
  1351 | D:3      | Killed a phantom
  1352 | D:3      | Reached skill level 1 in Stealth
  1352 | D:3      | Gained mutation: You are mostly covered in sharp spines.
                  | [demonic ancestry]
  1352 | D:3      | Reached XP level 4. HP: 21/32 MP: 4/4
  1376 | D:3      | Noticed Sigmund
  1376 | D:3      | XOM: potion effect (brilliance)
  1477 | D:3      | Found a hide-covered altar of Uskayaw.
  1517 | D:3      | Found a stormy altar of Qazlal.
  1520 | D:3      | Found a bloodstained altar of Trog.
  1554 | D:3      | Gained mutation: You may rarely emit foul miasma when
                  | damaged in melee. [demonic ancestry]
  1554 | D:3      | Reached XP level 5. HP: 37/37 MP: 5/5
  1576 | D:3      | Found a broken altar of Ashenzari.
  1685 | D:3      | XOM: silly message
  1699 | D:3      | Reached skill level 4 in Unarmed Combat
  1847 | D:3      | XOM: potion effect (might)
  1930 | D:4      | Gained mutation: You are partially covered in icy blue
                  | scales. (AC +2) [demonic ancestry]
  1930 | D:4      | Reached XP level 6. HP: 33/43 MP: 6/6
  1961 | D:4      | XOM: 5-stop teleportation journey
  2004 | D:4      | Found an opulent altar of Gozag.
  2005 | D:4      | Found an opulent altar of Gozag.
  2010 | D:4      | Found an opulent altar of Gozag.
  2023 | D:4      | Found an opulent altar of Gozag.
  2036 | D:4      | XOM: summons 2 hostile demons
  2037 | D:4      | Noticed a rust devil
  2037 | D:4      | Noticed a chaos spawn
  2360 | D:4      | XOM: 3-stop teleportation journey
  2396 | D:4      | XOM: summons 4 hostile demons
  2540 | D:4      | Found a runed translucent door.
  2541 | D:4      | Noticed Crazy Yiuf
  2549 | D:4      | Killed Crazy Yiuf
  2559 | D:4      | XOM: give mutations
  2559 | D:4      | Gained mutation: You have sharp toenails. [Xom's mischief]
  2559 | D:4      | Gained mutation: You sometimes lose your temper in combat.
                  | [Xom's mischief]
  2559 | D:4      | Gained mutation: Potions are less effective at restoring
                  | your health. [Xom's mischief]
  2559 | D:4      | Gained mutation: Your body sometimes deteriorates upon
                  | taking damage. [Xom's mischief]
  2642 | D:4      | XOM: silly message
  2668 | D:5      | Entered Level 5 of the Dungeon
  2733 | D:5      | Reached skill level 5 in Unarmed Combat
  2741 | D:5      | XOM: give mutations
  2741 | D:5      | Gained mutation: You are occasionally teleported next to
                  | monsters. [Xom's mischief]
  2741 | D:5      | Gained mutation: You are dopey. (Int -2) [Xom's mischief]
  2741 | D:5      | Lost mutation: You are occasionally teleported next to
                  | monsters. [Xom's mischief]
  2741 | D:5      | Gained mutation: You are weak. (Str -2) [Xom's mischief]
  2748 | D:5      | XOM: summons 4 hostile demons
  2749 | D:5      | Noticed a sun demon
  2751 | D:5      | Mangled by a sun demon

Illustrated notes

Levels and vault maps discovered:
D:1:      lordsloth_arrival_two_stooges, layout_basic, basic_ecumenical_altar,
          palyth_stone_intersect
D:2:      layout_basic, uniq_jessica
D:3:      layout_loops_ring, mainiacjoe_overflow_concentric_impassable,
          mainiacjoe_overflow_alcove_2, mainiacjoe_overflow_alcove_1,
          grunt_temple_overflow_open, serial_bayou_lagoon_a,
          kennysheep_orc_chapel, uniq_robin, uniq_sigmund
D:4:      layout_cave_pools, nicolae_gozag_conspicuous_consumption,
          hangedman_decor_riveting, minivault_11, uniq_crazy_yiuf_cottage
D:5:      layout_basic, regret_index_kikubaaqudgha_part_by_part,
          xom_teletrap_fun, mainiacjoe_overflow_surrounded_room, zin_treasury,
          chei_slow_surprise, serial_shops, shop

Skill      XL: |  1  2  3  4  5  6 |
---------------+-------------------+-----
Shapeshifting  | 3 4 |  4.2
Dodging        | 2 |  2.5
Unarmed Combat | 3 4 5 |  5.0
Stealth        | 1 |  1.0
Fighting       | |  1.6

Action                     |  1- 3 |  4- 6 || total
---------------------------+-------+-------++-------
  Melee: Unarmed           |    80 |    81 ||   161
         Punch             |     1 |     3 ||     4
         Kick              |       |     6 ||     6
    Use: Scroll            |       |     2 ||     2
   Stab: Sleeping          |     2 |     2 ||     4
 Armour: Animal skin       |    31 |    41 ||    72
  Dodge: Dodged            |    30 |    42 ||    72
